 Dungeon Crawl Stone Soup version 0.31.0-2-g5a2aebc5c2 (webtiles) character file.

Game seed: 1043566665301667092

54226 bpung the Mimic (level 14, -3/140 HPs)
             Began as a Troll Shapeshifter on Jan 20, 2024.
             Was a High Priest of Trog.
             Slain by a sun demon (17 damage)
             ... on level 5 of the Lair of Beasts.
             The game lasted 00:33:58 (15502 turns).

bpung the Mimic (Troll Shapeshifter)               Turns: 15502, Time: 00:33:59

Health: -3/140     AC: 13    Str: 29    XL:     14   Next: 33%
Magic:  13/13      EV: 11    Int:  6    God:    Trog [*****.]
Gold:   1821       SH: 12    Dex:  9    Spells: 13/13 levels left

rFire   . .          .
                       - Unarmed
rCold   + . .        h - +3 kite shield
rNeg    . . .        y - +1 acid dragon scales
rPois   .            (helmet currently unavailable)
rElec   .            (cloak currently unavailable)
rCorr   +            (gloves unavailable)
SInv    .            (boots unavailable)
Will    +++..        j - amulet of faith
Stlth   +            u - +4 ring of protection
HPRegen 2.23/turn    x - ring of protection from cold
MPRegen 0.13/turn

%: faith
@: lethally poisoned (-3 -> -4), about to teleport, beast-form, strong-willed,
spiked, on berserk cooldown, regenerating, slowed, very slow
A: beast (slay +4), large, unfitting armour, claws 3, regeneration 1, shaggy fur
1, tough skin 1, talons 1, inability to drink after injury 1
a: Begin Untransformation, Renounce Religion, Berserk, Trog's Hand, Brothers in
Arms


You were on level 5 of the Lair of Beasts.
You worshipped Trog.
Trog was extremely pleased with you.
You were a hulking beast.
You visited 2 branches of the dungeon, and saw 16 of its levels.
You visited the Abyss 1 time.
You also visited: Ossuary.

You collected 1821 gold pieces.

Inventory:

Missiles
 b - a throwing net
 k - 24 poisoned darts (quivered)
 s - 15 boomerangs
 A - 2 atropa-tipped darts
Armour
 e - the +2 hat "Lutal" {Will+}
   (You acquired it on level 5 of the Dungeon)

   Will+:     It increases your willpower.
 h - a +3 kite shield (worn)
 l - +1 steam dragon scales
 y - +1 acid dragon scales (worn)
 E - the +4 robe of Hedge Wizardry {^Contam Dex+3 Archmagi}
   (You found it on level 11 of the Dungeon)

   Dex+3:     It affects your dexterity (+3).
   ^Contam:   It causes magical contamination when unequipped.
   Archmagi:  It increases the power of your magical spells.
Jewellery
 j - an amulet of faith (around neck)
 u - a +4 ring of protection (left claw)
 x - a ring of protection from cold (right claw)
 G - a ring of magical power
Talismans
 c - a beast talisman
 C - a flux talisman
Wands
 d - a wand of polymorph (6)
 i - a wand of flame (39)
 q - a wand of charming (7)
 r - a wand of light (11)
 I - a wand of roots (7)
 J - a wand of mindburst (3)
Scrolls
 m - a scroll of teleportation
 o - 2 scrolls of vulnerability {unknown}
 v - 15 scrolls of identify
 z - 2 scrolls of enchant weapon
 B - 2 scrolls of revelation
 H - a scroll of immolation
 K - a scroll of fear
 L - a scroll of enchant armour
Potions
 a - 4 potions of curing {unknown}
 f - 3 potions of heal wounds
 g - a potion of invisibility
 n - a potion of attraction
 p - 2 potions of ambrosia
 t - 3 potions of might
 w - 2 potions of cancellation
 D - a potion of resistance
 F - 2 potions of haste
 M - a potion of magic {unknown}


   Skills:
 + Level 9.5 Fighting
 + Level 9.6 Dodging
 - Level 5.9 Shields
 + Level 11.5 Unarmed Combat
 * Level 14.7 Shapeshifting


You had 13 spell levels left.
You didn't know any spells.
Your spell library contained the following spells:

 Spells                   Type           Power      Damage    Failure   Level
 Tukima's Dance           Hex            0%         N/A       97%         3
 Dimensional Bullseye     Hex/Tloc       0%         N/A       100%        4
 Iskenderun's Mystic Bla  Conj/Tloc      0%         2d3       100%        4


Dungeon Overview and Level Annotations

Branches:
Dungeon (11/15)            Temple (0/1) D:5            Lair (5/5) D:11
  Swamp (0/4) Lair:3        Snake (0/4) Lair:2        Slime (0/5) Lair:5
    Orc (0/2) D:11        Ossuary (visited)

Altars:
Makhleb
Okawaru
Qazlal
Trog
Jiyva

Shops:
D:2 *   D:4 *   D:8 !   D:9 [


Innate Abilities, Weirdness & Mutations

You are a hulking beast.
Your limbs bulge with bestial killing power. (Slay +4)
You are too large for most types of armour.
You have claws for hands.
Your natural rate of healing is unusually fast.
You are covered in fur. (AC +1)
You have tough skin. (AC +1)
You have sharp toenails.
You occasionally lose the ability to drink potions when taking damage.


Message History

A red devil comes into view. It is wielding a +0 trident.
Unknown command.
You feel sick. The orange demon stings you from afar.
* * * LOW HITPOINT WARNING * * *
You are more poisoned.
The orange demon poisons you!
The red devil hits you from afar with a +2 demon trident of electrocution.
* * * LOW HITPOINT WARNING * * *
Barbed spikes become lodged in your body.
You feel a strong urge to attack something.
You feel very sick.
You claw the sun demon!
The sun demon is lightly wounded.
You feel very sick.
The hellwing swoops through the air toward you!
The hellwing barely misses you.
The hellwing hits you but does no damage.
You block the orange demon's attack. You block the red devil's attack.
The sun demon hits you but does no damage.
You claw the sun demon! Your kick misses the sun demon.
The sun demon is moderately wounded.
You feel sick. You block the hellwing's attack. x2
The red devil closely misses you.
The orange demon stings you but does no damage.
Unknown command.
You mangle the sun demon!!
The sun demon is severely wounded.
You are no longer berserk.
You are exhausted.
You feel yourself slow down.
You feel sick.
The sun demon hits you but does no damage.
Unknown command.
As you read the scroll of teleportation, it crumbles to dust.
You feel strangely unstable.
You feel very sick.
You block the hellwing's attack. x2; The red devil barely misses you.
You block the orange demon's attack. The sun demon hits you!
* * * LOW HITPOINT WARNING * * *
You are engulfed in flames!
You die...

♣♣♣.♣♣.♣♣
#########'♣♣♣♣♣
#........#♣
+...8.8..# #####
#..8.#...#
.....4#...8.#..#
♣
....44#..#.8...#
♣.
._..h43...#.8).#
♣.
.4.§..#h48.8...#
♣♣ ≈....
#........# ≈≈≈#
########## §≈ #


You could see a sun demon, an orange demon, a hellwing, 3 red devils and a hell
hound.

Vanquished Creatures
  Snorg (D:10)
  6 hydras
  2 boulder beetles
  3 death yaks
  2 two-headed ogres
  An occultist (Lair:5)
  Nergalle (D:11)
  3 skysharks
  A skeletal warrior (D:6)
  A lindwurm (Lair:3)
  A manticore (D:6)
  Maurice (D:10)
  A cyclops (D:11)
  19 elephants
  5 black mambas
  Joseph (Lair:1)
  16 cane toads
  2 torpor snails
  6 rime drakes
  3 kobold demonologists
  A red devil (Lair:5)
  15 komodo dragons
  6 polar bears
  A troll (D:10)
  2 hornets
  13 blink frogs
  8 dream sheep
  3 slime creatures (D:11)
  2 basilisks
  2 wraiths
  42 yaks
  7 wyverns
  A steam dragon (D:6)
  4 vampire mosquitoes
  Menkaure (Ossuary)
  3 acid dragons
  A hell hound (Lair:5)
  14 water moccasins
  An ice beast (D:4)
  6 orc warriors
  A black bear (Lair:1)
  An ogre (D:5)
  8 wolves
  5 centaurs
  A phantom (D:6)
  5 kobold brigands
  10 bullfrogs
  Blork the orc (D:6)
  A gnoll sergeant (D:8)
  2 scorpions (D:5)
  6 howler monkeys
  An electric eel (D:10)
  5 crimson imps (D:10)
  A bombardier beetle (D:3)
  2 hounds (D:6)
  4 orc priests
  A sleepcap (D:8)
  14 jellies
  6 iguanas
  6 orc wizards
  A hell rat (Lair:3)
  3 mummies (Ossuary)
  5 gnolls
  13 adders
  A shadow imp (D:10)
  3 white imps (D:10)
  2 ufetubi (D:5)
  3 dart slugs (D:4)
  A ribbon worm (D:4)
  32 orcs
  5 endoplasms
  2 giant cockroaches
  5 goblins
  6 hobgoblins
  4 quokkas
  5 ball pythons
  3 bats
  3 frilled lizards
  3 gnoll skeletons (Ossuary)
  9 gnoll zombies (Ossuary)
  3 goblin skeletons (Ossuary)
  2 goblin zombies (Ossuary)
  4 hobgoblin skeletons (Ossuary)
  5 hobgoblin zombies (Ossuary)
  21 kobolds
  4 kobold skeletons (Ossuary)
  3 kobold zombies (Ossuary)
  6 orc skeletons (Ossuary)
  4 orc zombies (Ossuary)
  8 rats
  5 rat skeletons (Ossuary)
  2 rat zombies (Ossuary)
466 creatures vanquished.

Notes
Turn   | Place    | Note
-------+----------+-------------------------------------------
     0 | D:1      | bpung the Troll Shapeshifter began the quest for the Orb.
     0 | D:1      | Reached XP level 1. HP: 18/18 MP: 0/0
   188 | D:1      | Reached skill level 1 in Fighting
   356 | D:1      | Reached XP level 2. HP: 27/27 MP: 1/1
   681 | D:2      | Found a faded altar of an unknown god.
   778 | D:2      | Found Etedodel's Assorted Antiques.
   831 | D:2      | Reached XP level 3. HP: 28/33 MP: 2/2
  1657 | D:3      | Reached XP level 4. HP: 41/41 MP: 3/3
  1937 | D:3      | Reached skill level 4 in Shapeshifting
  1944 | D:3      | Reached XP level 5. HP: 18/49 MP: 4/4
  2361 | D:3      | Found a bloodstained altar of Trog.
  2375 | D:3      | Became a worshipper of Trog the Wrathful
  2734 | D:4      | Found Zayboula's General Store.
  2841 | D:4      | Noticed an ice beast
  2850 | D:4      | Killed an ice beast
  2851 | D:4      | Reached XP level 6. HP: 46/57 MP: 5/5
  2961 | D:4      | Reached * piety under Trog
  3146 | D:5      | Entered Level 5 of the Dungeon
  3161 | D:5      | Identified a scroll of acquirement
  3161 | D:5      | Acquired the +2 hat "Lutal" {Will+}
  3195 | D:5      | Gained mutation: Your flesh is cold resistant. (rC+)
                  | [potion of mutation]
  3195 | D:5      | Gained mutation: You have sharp toenails. [potion of
                  | mutation]
  3195 | D:5      | Gained mutation: You have hidden genetic defects. [potion
                  | of mutation]
  3313 | D:5      | Reached skill level 5 in Shapeshifting
  3326 | D:5      | Lost mutation: You have hidden genetic defects. [potion of
                  | mutation]
  3326 | D:5      | Lost mutation: Your flesh is cold resistant. (rC+) [potion
                  | of mutation]
  3326 | D:5      | Gained mutation: You occasionally lose the ability to drink
                  | potions when taking damage. [potion of mutation]
  3690 | D:5      | Found a staircase to the Ecumenical Temple.
  3741 | D:5      | Reached XP level 7. HP: 48/66 MP: 6/6
  4256 | D:6      | Noticed a steam dragon
  4259 | D:6      | Noticed Blork the orc
  4261 | D:6      | Killed a steam dragon
  4262 | D:6      | Reached skill level 5 in Unarmed Combat
  4262 | D:6      | Reached skill level 6 in Shapeshifting
  4269 | D:6      | Reached XP level 8. HP: 68/75 MP: 7/7
  4274 | D:6      | Killed Blork the orc
  4321 | D:6      | Found a sand-covered staircase.
  4330 | Ossuary  | Entered an ossuary
  4347 | Ossuary  | Reached ** piety under Trog
  4501 | Ossuary  | Reached *** piety under Trog
  4622 | Ossuary  | Noticed Menkaure
  4630 | Ossuary  | Killed Menkaure
  4726 | D:6      | Acquired 810 gold pieces
  4752 | D:6      | Noticed a kobold demonologist
  4753 | D:6      | Noticed a rust devil
  4761 | D:6      | Noticed a manticore
  4765 | D:6      | Killed a kobold demonologist
  4766 | D:6      | Reached skill level 7 in Shapeshifting
  4920 | D:6      | Noticed a skeletal warrior
  4943 | D:6      | Killed a skeletal warrior
  4944 | D:6      | Reached XP level 9. HP: 28/85 MP: 8/8
  5110 | D:6      | Killed a manticore
  5111 | D:6      | Reached skill level 5 in Dodging
  5111 | D:6      | Reached skill level 8 in Shapeshifting
  5479 | D:7      | Reached skill level 5 in Fighting
  5640 | D:7      | Reached **** piety under Trog
  6265 | D:8      | Found Yceom's Distillery.
  6367 | D:8      | Reached skill level 9 in Shapeshifting
  6415 | D:8      | Reached XP level 10. HP: 74/96 MP: 9/9
  6893 | D:9      | Reached skill level 1 in Shields
  6994 | D:9      | Noticed a two-headed ogre
  7001 | D:9      | Killed a two-headed ogre
  7012 | D:9      | Found Amoecaets's Armour Shoppe.
  7229 | D:9      | Found a stormy altar of Qazlal.
  7229 | D:9      | Noticed a boulder beetle
  7279 | D:9      | Killed a boulder beetle
  7280 | D:9      | Reached skill level 10 in Shapeshifting
  7669 | D:9      | Found an iron altar of Okawaru.
  7803 | D:10     | Entered Level 10 of the Dungeon
  7863 | D:9      | Reached XP level 11. HP: 82/105 MP: 10/10
  7921 | D:10     | Noticed Maurice
  7922 | D:10     | Maurice stole a flux talisman
  7934 | D:10     | Something stole 22 poisoned darts
  7937 | D:10     | Something stole 312 gold
  7939 | D:10     | Something stole 309 gold
  7940 | D:10     | Something stole 290 gold
  7944 | D:10     | Killed Maurice
  8344 | D:10     | You fall into a shaft and drop 1 floor!
  8492 | D:11     | Identified the +4 robe of Hedge Wizardry {^Contam Dex+3
                  | Archmagi}
  8498 | D:11     | Reached ***** piety under Trog
  8614 | D:11     | Noticed a two-headed ogre
  8622 | D:11     | Killed a two-headed ogre
  8739 | D:11     | Noticed a boulder beetle
  8741 | D:11     | Noticed a sixfirhy
  8745 | D:11     | Noticed a sun demon
  8955 | D:11     | Found a staircase to the Orcish Mines.
  8980 | D:11     | Found a staircase to the Lair.
  9018 | D:11     | Killed a boulder beetle
  9019 | D:11     | Reached skill level 11 in Shapeshifting
  9335 | D:10     | Noticed Snorg
  9341 | D:10     | Killed Snorg
  9341 | D:10     | Received a gift from Trog
  9986 | Lair:1   | Entered Level 1 of the Lair of Beasts
  9986 | Lair:1   | Noticed Nergalle
  9999 | D:11     | Killed Nergalle
 10059 | Lair:1   | Reached XP level 12. HP: 118/118 MP: 11/11
 10331 | Lair:1   | Noticed Joseph
 10342 | Lair:1   | Killed Joseph
 10585 | Lair:1   | Reached skill level 5 in Shields
 11289 | Lair:2   | Reached skill level 12 in Shapeshifting
 11491 | Lair:2   | Noticed a six-headed hydra
 11504 | Lair:2   | Killed a 12-headed hydra
 11576 | Lair:2   | Found a staircase to the Snake Pit.
 12351 | Lair:3   | Noticed a five-headed hydra
 12387 | Lair:2   | HP: 5/178 [skyshark (22)]
 12389 | Lair:2   | Reached skill level 10 in Unarmed Combat
 12501 | Lair:2   | Reached XP level 13. HP: 103/127 MP: 12/12
 12761 | Lair:3   | Reached skill level 13 in Shapeshifting
 12811 | Lair:3   | Received a gift from Trog
 12988 | Lair:3   | Found a staircase to the Swamp.
 13077 | Lair:4   | HP: 6/128 [five-headed hydra (5)]
 13077 | Lair:4   | HP: 2/128 [komodo dragon (4)]
 14010 | Lair:4   | Identified the +5 long sword of Untruth {elec, +Blink rN+
                  | Int+5}
 14144 | Lair:4   | Reached skill level 14 in Shapeshifting
 14196 | Lair:5   | Entered Level 5 of the Lair of Beasts
 14196 | Lair:5   | Found a viscous altar of Jiyva.
 14486 | Lair:5   | Reached XP level 14. HP: 109/140 MP: 13/13
 14563 | Lair:5   | Identified the +3 great sword of Orb Guardian's Death
                  | {flame, rElec rCorr Str+2 Int-3} (Trog gifted it to you on
                  | level 5 of the Lair of Beasts)
 14563 | Lair:5   | Received a gift from Trog
 14847 | Lair:5   | Found a staircase to the Slime Pits.
 15415 | Abyss:3  | Cast into level 3 of the Abyss (an occultist)
 15431 | Lair:5   | Escaped the Abyss
 15481 | Lair:5   | Found a burning altar of Makhleb.
 15502 | Lair:5   | Slain by a sun demon

Illustrated notes

Levels and vault maps discovered:
D:1:      co_arrival_hexagon_in_a_hexagon, layout_basic
D:2:      minmay_skewed_foursquare, layout_loops_corners, serial_shops,
          nicolae_shop_tiny_glass,
          hellmonk_ecumenical_altar_pennies_from_heaven, glass_columns_c,
          nicolae_kite_square_tiling_tiny
D:3:      layout_loops_corners, trog_butcher_becter, serial_forest,
          infiniplex_forest_zigzag_1, infiniplex_forest_zigzag_1,
          infiniplex_forest_zigzag_1, infiniplex_forest_straight_2,
          infiniplex_forest_clump_medium, minmay_misc_feat_rows
D:4:      layout_gridville, serial_shops, shop
D:5:      layout_loops_corners, minmay_temple_entry_offerings
D:6:      layout_loops_ring, nicolae_ossuary_entry_monument,
          minmay_manual_macuahuitl, uniq_blork_the_orc
D:7:      layout_loops_cross, minmay_misc_feat_diagonals
D:8:      layout_loops_ring, serial_shops, nicolae_square_shop,
          nicolae_wand_duel
D:9:      layout_loops_cross, nicolae_qazlal_scattered_showers,
          okawaru_gym_becter, serial_shops, shop
D:10:     layout_basic, fungi_pond_lemuel, minmay_nine_imps, uniq_snorg,
          uniq_maurice
D:11:     nicolae_cairo_tiling_large, layout_stronghold, lair_entry_dummy,
          david_orc_2, serial_column_ruins, column_ruins_square_small,
          column_ruins_hut_water, column_ruins_columns_straight,
          column_ruins_grid_3, column_ruins_columns_water, column_ruins_grid_1
Lair:1:   layout_layer_cave, nicolae_lair_grove_arrangements,
          infiniplex_staircase_pool_2, uniq_nergalle, uniq_joseph
Lair:2:   layout_cave_pods, dummy_snake_entry
Lair:3:   layout_hall_layers, minmay_swamp_entry_reptiles,
          ebering_ghost_rock_garden, hangedman_lair_generics_rect,
          serial_bayou_shore_b
Lair:4:   layout_regular_city, beast_lair_carwin_10
Lair:5:   evil_forest, layout_loops_ring, minmay_slime_entry_jelly_boxes,
          infiniplex_staircase_pool

Skill      XL: |  1  2  3  4  5  6  7  8  9 10 11 12 13 |
---------------+----------------------------------------+-----
Fighting       | 1 2 3 4 5 6 7 8 9 |  9.5
Dodging        | 2 3 4 5 6 7 8 9 |  9.6
Shapeshifting  | 4 5 6 7 9 10 11 12 14 | 14.7
Unarmed Combat | 4 5 6 7 8 9 10 11 | 11.5
Shields        | 2 4 5 |  5.9

Action                     |  1- 3 |  4- 6 |  7- 9 | 10-12 | 13-15 || total
---------------------------+-------+-------+-------+-------+-------++-------
  Melee: Unarmed           |    67 |   114 |   254 |   564 |   454 ||  1453
         Kick              |       |     4 |    54 |   189 |   175 ||   422
 Invoke: Berserk           |       |       |     2 |     6 |     7 ||    15
         Trog's Hand       |       |       |     2 |     3 |     2 ||     7
  Evoke: Wand              |       |       |     1 |     2 |       ||     3
    Use: Scroll            |       |    10 |     7 |     4 |     7 ||    28
         Potion            |       |     3 |     5 |     1 |       ||     9
   Stab: Sleeping          |       |     1 |       |       |       ||     1
 Armour: Animal skin       |    28 |    73 |    33 |       |       ||   134
         Steam dragon scal |       |       |   107 |    51 |       ||   158
         Acid dragon scale |       |       |       |   443 |   389 ||   832
  Dodge: Dodged            |    19 |    48 |    63 |   225 |   197 ||   552
  Block: Kite shield       |    14 |    58 |    95 |   338 |   319 ||   824
